 Dungeon Crawl Stone Soup version 0.30.1-11-g7821555f0a (webtiles) character file.

Game seed: 14913145501298238830

1 Slakohnn the Conjurer (level 1, 0/10 HPs)
             Began as a Deep Elf Conjurer on Dec 23, 2023.
             Slain by a bat (1 damage)
             ... on level 1 of the Dungeon.
             The game lasted 00:02:44 (202 turns).

Slakohnn the Conjurer (Deep Elf Conjurer)            Turns: 202, Time: 00:02:44

Health: 0/10       AC:  0    Str:  4    XL:     1   Next: 16%
Magic:  6/6        EV: 12    Int: 22    God:
Gold:   17         SH:  0    Dex: 13    Spells: 5/6 levels left

rFire   . . .        (no weapon)
rCold   . . .        (no shield)
rNeg    . . .        (no body armour)
rPois   .            (no helmet)
rElec   .            (no cloak)
rCorr   .            (no gloves)
SInv    .            (no boots)
Will    .....        (no amulet)
Stlth   ++           (no ring)
HPRegen 0.21/turn    (no ring)
MPRegen 0.10/turn

%: no passive effects
@: no status effects
A: no striking features
a: no special abilities


You were on level 1 of the Dungeon.
You visited 1 branch of the dungeon, and saw 1 of its levels.

You collected 17 gold pieces.

Inventory:

Missiles
 d - a throwing net
Armour
 a - a +0 robe
Potions
 b - a potion of magic
 c - a potion of curing {unknown}
 e - a potion of lignification {unknown}


   Skills:
 + Level 2.4 Dodging
 + Level 2.4 Stealth
 + Level 3.0 Spellcasting
 + Level 4.4 Conjurations


You had 5 spell levels left.
You knew the following spells:

 Your Spells              Type           Power      Damage    Failure   Level
a - Magic Dart            Conj           88%        1d7       1%          1

Your spell library contained the following spells:

 Spells                   Type           Power      Damage    Failure   Level
 Searing Ray              Conj           44%        2d6       3%          2
 Dazzling Flash           Conj/Hex       26%        N/A       16%         3
 Fulminant Prism          Conj/Hex       6%         3d6       45%         4
 Iskenderun's Mystic Bla  Conj/Tloc      13%        2d5       45%         4


Dungeon Overview and Level Annotations

Branches:
Dungeon (1/15)

Altars:


Message History

You can't see any susceptible monsters within range! (Use Z to cast anyway.)
A bat comes into view.
A bat is nearby!
A bat is nearby!
A bat is nearby!
A bat is nearby!
Found a scroll labelled IWNORA HUTASM.
The bat hits you. The bat closely misses you. The bat hits you.
The bat attacks as you move away! The bat barely misses you. The bat hits you.
The bat closely misses you.
You see here a scroll labelled IWNORA HUTASM.
The bat attacks as you move away! The bat hits you. x2
The bat closely misses you. The bat closely misses you.
The bat attacks as you move away! The bat closely misses you.
The bat barely misses you. The bat hits you.
You closely miss the bat. The bat misses you.
You barely miss the bat. The bat hits you. The bat misses you.
The bat hits you.
You barely miss the bat. The bat hits you.
* * * LOW HITPOINT WARNING * * *
The bat hits you.
* * * LOW HITPOINT WARNING * * *
The bat closely misses you.
You see here a scroll labelled IWNORA HUTASM.
You closely miss the bat. The bat closely misses you.
The bat barely misses you.
You barely miss the bat. The bat barely misses you. The bat hits you.
* * * LOW HITPOINT WARNING * * *
The bat barely misses you.
You closely miss the bat. The bat hits you.
* * * LOW HITPOINT WARNING * * *
The bat barely misses you.
You closely miss the bat. The bat barely misses you. The bat hits you.
* * * LOW HITPOINT WARNING * * *
You barely miss the bat. The bat hits you.
You die...

♣♣..###.###.#..# #.#
...#.###.#.....# #.#
♣♣.............#######.#
♣♣.#.####.####.........#
♣...## .# ###.#####.#
♣..## .# #.# #.# ..## .#
#?# ##.####### .. .# #.#
#........# .. .# #@#
##.#####.# ..#####b##
### #.# .........# #.#
..#####..# ##.## ####..#
##...# #.§...# #....#
#.....# #....# #._§..#
#.#### #§....# #.#


You could see a bat.

Vanquished Creatures
  A hobgoblin (D:1)
1 creature vanquished.

Notes
Turn   | Place    | Note
-------+----------+-------------------------------------------
     0 | D:1      | Slakohnn the Deep Elf Conjurer began the quest for the Orb.
     0 | D:1      | Reached XP level 1. HP: 10/10 MP: 6/6
   171 | D:1      | Found a faded altar of an unknown god.
   202 | D:1      | Slain by a bat

Illustrated notes

Levels and vault maps discovered:
D:1:      heliophobic_arrival_henge, layout_loops_ring,
          ebering_ecumenical_altar_mist, roderic_lattice_a

Action                     || total
---------------------------++-------
  Melee: Unarmed           ||     8
   Cast: Magic Dart        ||     3
  Dodge: Dodged            ||    17
